 Dungeon Crawl Stone Soup version 0.32-a0-607-g64ea0e4219 (webtiles) character file.

Game seed: 15360695498034815401

58 Sabo the Charlatan (level 4, 0/25 HPs)
             Began as a Gargoyle Artificer on Mar 3, 2024.
             Slain by a quokka (2 damage)
             ... on level 3 of the Dungeon.
             The game lasted 00:11:23 (1603 turns).

Sabo the Charlatan (Gargoyle Artificer)             Turns: 1603, Time: 00:11:24

Health: 0/25       AC: 10    Str: 17    XL:     4   Next: 1%
Magic:  4/4        EV: 14    Int: 12    God:
Gold:   97         SH:  5    Dex: 10    Spells: 3/3 levels left

rFire   . . .        j - +2 dagger (elec)
rCold   . . .        (no shield)
rNeg    + . .        h - +0 scale mail
rPois   ∞            (no helmet)
rElec   +            (no cloak)
rCorr   .            (no gloves)
SInv    .            (no boots)
Will    .....        p - amulet of reflection Stlth
                     f - +5 ring of evasion
HPRegen 0.24/turn    g - ring of wizardry
MPRegen 0.09/turn

%: reflection, wizardry (x1)
@: no status effects
A: sickness immunity, AC +3, negative energy resistance 1, electricity
resistance, torment resistance 1, petrification resistance
a: no special abilities


You were on level 3 of the Dungeon.
You visited 1 branch of the dungeon, and saw 3 of its levels.

You collected 97 gold pieces.

Inventory:

Hand Weapons
 j - a +2 dagger of electrocution (weapon)
 l - a +0 long sword
Missiles
 n - 6 curare-tipped darts
Armour
 h - a +0 scale mail (worn)
Jewellery
 f - a +5 ring of evasion (left hand)
 g - a ring of wizardry (right hand)
 p - an amulet of reflection (around neck)
Wands
 c - a wand of flame (15) (quivered)
 d - a wand of charming (15)
 e - a wand of iceblast (5)
Scrolls
 a - a scroll of identify
 b - a scroll of amnesia {unknown}
 o - a scroll of vulnerability {unknown}
Potions
 k - a potion of invisibility
 m - a potion of heal wounds {unknown}


   Skills:
 + Level 1.4 Fighting
 + Level 0.8 Short Blades
 + Level 0.6 Maces & Flails
 + Level 3.0 Armour
 + Level 1.1 Dodging
 + Level 1.1 Stealth
 + Level 3.3 Evocations


You had 3 spell levels left.
You didn't know any spells.
Your spell library contained the following spells:

 Spells                   Type           Power      Damage    Failure   Level
 Sting                    Conj/Alch      0%         1d3       38%         1
 Mercury Vapours          Alch/Air       0%         N/A       52%         2
 Olgreb's Toxic Radiance  Alch           0%         N/A       98%         4


Dungeon Overview and Level Annotations

Branches:
Dungeon (3/15)

Altars:

Shops:
D:2 *


Innate Abilities, Weirdness & Mutations

You are immune to sickness and miasma.
Your stone body is resilient. (AC +3)
You are immune to poison.
You resist negative energy. (rN+)
You are resistant to electric shocks. (rElec)
You are resistant to unholy torment.
You are immune to petrification.


Message History

You can't go up here!
You climb downwards.
The gnoll shouts! x2; You hear a shout!
Found 4 poisoned darts.
Found a stone staircase leading down.
There is a stone staircase leading up here.
A gnoll comes into view. It is wielding a +0 club.
The gnoll shouts!
You closely miss the quokka.
An adder comes into view.
You block the quokka's attack.
You miss the quokka. The quokka misses you.
You completely miss the quokka. The quokka closely misses you.
You block the gnoll's attack. The quokka bites you.
You hit the quokka.
The quokka is heavily wounded.
The gnoll hits you from afar with a +0 spear.
The gnoll hits you with a +0 flail.
The quokka bites you but does no damage.
You barely miss the quokka.
The quokka is heavily wounded.
The gnoll hits you with a +0 flail. The gnoll hits you but does no damage.
The quokka bites you but does no damage.
You closely miss the quokka.
The quokka is heavily wounded.
You block the gnoll's attack. The gnoll completely misses you.
The quokka bites you.
You miss the quokka.
The quokka is heavily wounded.
The gnoll hits you but does no damage. The gnoll hits you with a +0 flail.
* * * LOW HITPOINT WARNING * * *
The gnoll hits you with a +0 club.
* * * LOW HITPOINT WARNING * * *
The quokka bites you but does no damage.
The quokka closely misses you. The gnoll closely misses you. x2
A kobold comes into view. It is wielding a +0 dagger.
The gnoll hits you but does no damage. The gnoll closely misses you.
The gnoll attacks as it pursues you! The gnoll barely misses you.
The gnoll attacks as it pursues you! The gnoll misses you.
The quokka bites you.
You die...

..... .....
#...###+###
>.K......#
#.......#
#..g....#
#...g...#
#.S.r@..#
#...g...#
#.......#
#.......#
#########


You could see 3 gnolls, an adder, a quokka and a kobold.

Vanquished Creatures
  An adder (D:2)
  2 dart slugs
  4 ball pythons
  3 endoplasms
  3 giant cockroaches (D:1)
  A goblin (D:1)
  6 hobgoblins
  6 jackals (D:1)
  3 bats (D:1)
  3 frilled lizards
  6 kobolds
  5 rats (D:1)
43 creatures vanquished.

Notes
Turn   | Place    | Note
-------+----------+-------------------------------------------
     0 | D:1      | Sabo the Gargoyle Artificer began the quest for the Orb.
     0 | D:1      | Reached XP level 1. HP: 12/12 MP: 1/1
   233 | D:1      | Reached XP level 2. HP: 16/16 MP: 2/2
   624 | D:1      | Reached XP level 3. HP: 20/20 MP: 3/3
   685 | D:1      | Reached skill level 1 in Dodging
  1198 | D:2      | Found a faded altar of an unknown god.
  1359 | D:2      | Found Zyloax's Assorted Antiques.
  1484 | D:2      | Reached XP level 4. HP: 21/25 MP: 4/4
  1600 | D:3      | HP: 1/25 [gnoll/+0 club (3)]
  1603 | D:3      | Slain by a quokka

Illustrated notes

Levels and vault maps discovered:
D:1:      lemuel_arrival_muddy, layout_loops_ring, minmay_pentomino_s2
D:2:      layout_loops_ring, shapermc_ecumenical_altar_totnotflames,
          serial_shops, nicolae_shop_trees, chequers_serial_rivers_micro_e
D:3:      layout_basic

Skill      XL: |  1  2  3 |
---------------+----------+-----
Evocations     | 3 |  3.3
Dodging        | 1 |  1.1
Armour         | 3 |  3.0
Fighting       | |  1.4
Short Blades   | |  0.8
Maces & Flails | |  0.6
Stealth        | |  1.1

Action                     |  1- 3 |  4- 6 || total
---------------------------+-------+-------++-------
  Melee: Whip              |    50 |       ||    50
         Club              |     2 |       ||     2
         Dagger            |    99 |     7 ||   106
    Use: Scroll            |     1 |       ||     1
 Armour: Scale mail        |    78 |    14 ||    92
  Dodge: Dodged            |   110 |     9 ||   119
  Block: Other             |       |     3 ||     3

Table legend: (Time is in decaauts)
 A = Elapsed time spent in this place.
 B = Non-inter-level travel time spent in this place.
 C = Inter-level travel time spent in this place.
 D = Time resting spent in this place.
 E = Time spent auto-exploring this place.
 F = Levels seen in this place.
 G = Mean time per level.
                   A        B        C        D        E       F      G
               +--------+--------+--------+--------+--------+-----+--------+
         Total |   1606 |   1606 |      0 |     47 |      0 |   3 |  535.3 |
       Dungeon |   1606 |   1606 |      0 |     47 |      0 |   3 |  535.3 |
               +--------+--------+--------+--------+--------+-----+--------+

Top non-repeatable levels by time:
     D:1: 1023 daAuts
     D:2: 570 daAuts
     D:3: 12 daAuts
